 Dungeon Crawl Stone Soup version 0.30-a0-374-g95c0257040 (webtiles) character file.

Game seed: 11045886999835954660

480 pokeman the Magician (level 6, -2/35 HPs)
             Began as a Deep Elf Hedge Wizard on Nov 25, 2022.
             Slain by a scorpion (4 damage)
             ... on level 5 of the Dungeon.
             The game lasted 00:06:21 (4350 turns).

pokeman the Magician (Deep Elf Hedge Wizard)        Turns: 4350, Time: 00:06:21

Health: -2/35      AC:  3    Str:  7    XL:     6   Next: 86%
Magic:  2/18       EV: 12    Int: 21    God:
Gold:   233        SH:  0    Dex: 14    Spells: 12/20 levels left

rFire   . . .      SeeInvis .    n - +0 morningstar (drain)
rCold   . . .      Faith    .    (no shield)
rNeg    . . .      Spirit   .    j - +0 leather armour
rPois   .          Reflect  +    c - +0 hat
rElec   .          Harm     .    (no cloak)
rCorr   +          Rampage  .    (no gloves)
Will    .....                    (no boots)
Stlth   +.........               e - amulet of reflection
HPRegen 0.25/turn                v - ring of resist corrosion
MPRegen 0.16/turn                (no ring)

@: confused, lethally poisoned (-2 -> -10)
A: no striking features
a: no special abilities


You were on level 5 of the Dungeon.
You visited 1 branch of the dungeon, and saw 5 of its levels.

You collected 233 gold pieces.

Inventory:

Hand Weapons
 n - a +0 morningstar of draining (weapon)
Armour
 c - a +0 hat (worn)
 j - a +0 leather armour (worn)
Jewellery
 e - an amulet of reflection (around neck)
 r - the amulet "Daeps" {RegenMP Harm Will- SInv Stlth+}
   (You found it on level 3 of the Dungeon)

   [amulet of magic regeneration]

   It increases your rate of magic regeneration.
   SInv:      It lets you see invisible.
   Harm:      It increases damage dealt and taken.
   Will:      It decreases your willpower.
   Stlth:     It makes you more stealthy.
 v - a ring of resist corrosion (left hand)
Scrolls
 a - a scroll of identify {unknown}
 b - a scroll of blinking {unknown}
 f - 3 scrolls of enchant armour {unknown}
 g - a scroll of magic mapping {unknown}
 h - a scroll of amnesia {unknown}
 k - a scroll of brand weapon {unknown}
 l - a scroll of enchant weapon {unknown}
 m - a scroll of immolation {unknown}
 s - a scroll of fear {unknown}
Potions
 d - a potion of magic
 i - 4 potions of flight {unknown}
 p - a potion of heal wounds {unknown}
 q - a potion of degeneration {unknown}
 t - a potion of mutation {unknown}
 u - a potion of haste {unknown}
Miscellaneous
 o - a lightning rod (4/4)


   Skills:
 + Level 1.7 Fighting
 - Level 1.0 Armour
 - Level 3.1 Dodging
 - Level 3.1 Stealth
 * Level 7.5 Spellcasting
 + Level 3.5 Conjurations
 - Level 1.1 Summonings
 - Level 1.1 Translocations
 - Level 1.0 Air Magic
 - Level 1.0 Poison Magic
 - Level 1.2 Evocations


You had 12 spell levels left.
You knew the following spells:

 Your Spells              Type           Power      Damage    Failure   Level
a - Magic Dart            Conj           88%        1d7       2%          1
b - Mephitic Cloud        Conj/Pois/Air  15%        N/A       17%         3
c - Call Imp              Summ           12%        N/A       12%         2
d - Blink                 Tloc           24%        N/A       12%         2

Your spell library contained the following spells:

 Spells                   Type           Power      Damage    Failure   Level
 Apportation              Tloc           24%        N/A       8%          1
 Summon Small Mammal      Summ           48%        N/A       8%          1
 Sting                    Tmut/Pois      40%        1d5       10%         1
 Necrotise                Necr           28%        1d5       12%         1
 Slow                     Hex            28%        N/A       12%         1
 Poisonous Vapours        Pois/Air       24%        N/A       12%         2
 Cigotuvi's Dreadful Rot  Necr/Pois/Air  20%        N/A       14%         2
 Call Canine Familiar     Summ           12%        N/A       24%         3
 Summon Guardian Golem    Hex/Summ       10%        N/A       28%         3
 Olgreb's Toxic Radiance  Pois           12%        N/A       61%         4
 Dispel Undead            Necr           7%         3d8       77%         4
 Death Channel            Necr           3%         N/A       100%        6


Dungeon Overview and Level Annotations

Branches:
Dungeon (5/15)
 Temple: D:4-7

Altars:


Message History

The stinking cloud engulfs the gnoll but does no damage.
The gnoll is moderately wounded.
You are engulfed in noxious fumes.
You choke on the stench!
You are confused.
You feel very sick.
You hear a shout!
The scorpion is engulfed in noxious fumes.
The scorpion stings you.
The gnoll is engulfed in noxious fumes.
The gnoll appears confused.
Unknown command.
Unknown command.
You are engulfed in noxious fumes.
You choke on the stench!
You are more confused.
You feel sick.
The scorpion is engulfed in noxious fumes.
The scorpion appears confused.
The scorpion stings you.
There is a stone staircase leading up here.
Unknown command.
You bump into the rock wall.
You are engulfed in noxious fumes.
You choke on the stench!
You are more confused.
You feel sick.
The scorpion is engulfed in noxious fumes.
The scorpion appears confused.
The scorpion stings you but does no damage.
The gnoll barely misses you.
You bump into the rock wall.
You feel sick.
The hound is engulfed in noxious fumes.
The scorpion is engulfed in noxious fumes.
The scorpion closely misses the hound.
The gnoll is engulfed in noxious fumes.
The gnoll appears confused.
The gnoll hits you with a +1 whip of venom.
You are more poisoned.
You feel sick.
The scorpion is engulfed in noxious fumes.
The scorpion appears confused.
The scorpion barely misses you.
The gnoll hits you with a +1 whip of venom!
* * * LOW HITPOINT WARNING * * *
The scorpion is engulfed in noxious fumes.
The scorpion appears confused.
The scorpion stings you.
You die...

. .. ... #########
.... #........
..... #........
......####........
.....)†.hg@.......
.#.#.###.s<.......
#.#°g......
#..#........
#.########## #. ..
#.. #..


You could see a scorpion (confused), a hound and 2 gnolls.

Vanquished Creatures
  2 ogres (D:4)
  A scorpion (D:4)
  A hound (D:5)
  A jelly (D:4)
  5 gnolls
  5 adders
  2 worms
  A dart slug (D:1)
  3 orcs (D:2)
  3 bats (D:2)
  7 endoplasms
  3 giant cockroaches
  11 goblins
  10 hobgoblins
  9 kobolds
  6 quokkas
  10 ball pythons
  3 frilled lizards
  A rat (D:1)
84 creatures vanquished.

Notes
Turn   | Place    | Note
-------+----------+-------------------------------------------
     0 | D:1      | pokeman the Deep Elf Hedge Wizard began the quest for the
                  | Orb.
     0 | D:1      | Reached XP level 1. HP: 10/10 MP: 7/7
   325 | D:1      | Reached XP level 2. HP: 9/16 MP: 1/9
   846 | D:1      | Reached skill level 5 in Spellcasting
  1037 | D:1      | Reached XP level 3. HP: 20/20 MP: 6/11
  1041 | D:1      | Learned a level 3 spell: Mephitic Cloud
  1044 | D:1      | Learned a level 2 spell: Call Imp
  1047 | D:1      | Learned a level 2 spell: Blink
  1504 | D:2      | Reached skill level 1 in Armour
  1520 | D:2      | Reached skill level 1 in Fighting
  1784 | D:2      | Reached XP level 4. HP: 25/25 MP: 5/13
  1989 | D:2      | Identified the +0 chain mail of the Teacher {Int+4}
  2708 | D:3      | Identified the amulet "Daeps" {RegenMP Harm Will- SInv
                  | Stlth+}
  3416 | D:4      | Noticed a scorpion
  3419 | D:4      | Noticed an ogre
  3423 | D:4      | Killed a scorpion
  3424 | D:4      | Reached skill level 6 in Spellcasting
  3424 | D:4      | Reached XP level 5. HP: 29/29 MP: 11/15
  3426 | D:4      | Killed an ogre
  3427 | D:4      | Reached skill level 1 in Poison Magic
  3523 | D:4      | Reached skill level 1 in Air Magic
  3523 | D:4      | Reached XP level 6. HP: 34/34 MP: 11/17
  3794 | D:4      | Reached skill level 7 in Spellcasting
  3794 | D:4      | Reached skill level 1 in Evocations
  4267 | D:5      | Entered Level 5 of the Dungeon
  4350 | D:5      | Slain by a scorpion

Illustrated notes

Levels and vault maps discovered:
D:1:      dpeg_arrival_water_temple_mockup, layout_basic
D:2:      layout_rooms, serial_aquarium, aquarium_bridge_long_separate
          [aquarium_subvault_balcony, aquarium_subvault_bridge,
          aquarium_subvault_bridge, aquarium_subvault_bridge,
          aquarium_subvault_window, aquarium_subvault_bridge],
          aquarium_window_3, aquarium_window_fake, aquarium_view_2f,
          aquarium_view_2f, aquarium_balcony_double_4, aquarium_pool_five,
          glass_columns_a, solitary_fountain
D:3:      layout_loops_ring, minmay_checkerbox
D:4:      layout_basic
D:5:      layout_rooms, minmay_temple_entry_fiery, kennysheep_generic_room_8

Skill      XL: |  1  2  3  4  5  6 |
---------------+-------------------+-----
Spellcasting   | 5 6 7 |  7.5
Armour         | 1 |  1.0
Conjurations   | 2 3 |  3.5
Fighting       | 1 |  1.7
Dodging        | 3 |  3.1
Stealth        | 3 |  3.1
Poison Magic   | 1 |  1.0
Air Magic      | 1 |  1.0
Evocations     | 1 |  1.2
Summonings     | |  1.1
Translocations | |  1.1

Action                   |  1- 3 |  4- 6 || total
-------------------------+-------+-------++-------
Melee: Dagger            |     4 |       ||     4
       Morningstar       |       |    20 ||    20
 Cast: Magic Dart        |   116 |    99 ||   215
       Mephitic Cloud    |       |    11 ||    11
 Stab: Sleeping          |     1 |       ||     1
       Confused          |       |     3 ||     3
Armor: Leather armour    |    10 |     2 ||    12
Dodge: Dodged            |    11 |    24 ||    35
Block: Other             |       |     8 ||     8
       Reflection        |       |     1 ||     1

Table legend: (Time is in decaauts)
 A = Elapsed time spent in this place.
 B = Non-inter-level travel time spent in this place.
 C = Inter-level travel time spent in this place.
 D = Time resting spent in this place.
 E = Time spent auto-exploring this place.
 F = Levels seen in this place.
 G = Mean time per level.
                   A        B        C        D        E       F      G
               +--------+--------+--------+--------+--------+-----+--------+
         Total |   4358 |   4243 |    115 |     51 |   3705 |   5 |  871.6 |
       Dungeon |   4358 |   4243 |    115 |     51 |   3705 |   5 |  871.6 |
               +--------+--------+--------+--------+--------+-----+--------+

Top non-repeatable levels by time:
     D:1: 1407 daAuts
     D:2: 1022 daAuts
     D:4: 947 daAuts
     D:3: 896 daAuts
     D:5: 84 daAuts
